 Dungeon Crawl Stone Soup version 0.24.0-13-gcf9b319 (webtiles) character file.

Game seed: 4833446997372639981, levelgen mode: deterministic

923 Bronimir the Stinger (level 8, -8/68 HPs)
             Began as a Naga Venom Mage on Apr 18, 2020.
             Mangled by an ogre
             ... wielding a +0 giant club
              (25 damage)
             ... on level 5 of the Dungeon.
             The game lasted 00:11:32 (5387 turns).

Bronimir the Stinger (Naga Venom Mage)              Turns: 5387, Time: 00:11:32

Health: -8/68      AC:  5    Str: 12    XL:     8   Next: 10%
Magic:  9/14       EV: 10    Int: 17    God:
Gold:   231        SH:  0    Dex: 11    Spells: 5/15 levels left

rFire    . . .     SeeInvis +   b - +2 hunting sling (velocity)
rCold    . . .     Gourm    .   (no shield)
rNeg     . . .     Faith    +   A - +2 robe {MR+}
rPois    +         Spirit   .   (no helmet)
rElec    .         Reflect  .   (no cloak)
rCorr    .         Harm     .   (no gloves)
MR       +++..                  (no barding)
Stlth    ++........             D - amulet of faith (curse)
HPRegen  0.21/turn              (no ring)
MPRegen  0.14/turn              C - ring of protection from magic

@: flying, very slow
A: large, see invisible, deformed body, poison resistance, slowness 2, slow
metabolism 1, spit poison 1, AC +2
a: Spit Poison


You were on level 5 of the Dungeon.
You were not hungry.

You visited 1 branch of the dungeon, and saw 5 of its levels.

You collected 231 gold pieces.

Inventory:

Hand Weapons
 a - a +0 trident
 b - a +2 hunting sling of velocity (weapon)
 n - a +0 whip
 s - a +0 hand axe
 x - a +0 vampiric dagger
 F - a +0 hunting sling
Missiles
 d - 166 stones (quivered)
 m - 30 sling bullets
 t - 23 poisoned darts
 v - 5 javelins
 B - 42 arrows
Armour
 j - a +0 ring mail of poison resistance
 k - a +0 robe
 y - a +0 large shield
 z - a +0 ring mail
 A - a +2 robe of magic resistance (worn)
Jewellery
 h - an uncursed ring of fire
 C - a ring of protection from magic (right hand)
 D - a cursed amulet of faith (around neck)
Scrolls
 g - 3 scrolls of teleportation {unknown}
 o - a scroll of blinking {unknown}
 p - 4 scrolls of remove curse {unknown}
 q - 4 scrolls of identify {unknown}
 w - a scroll of fear {unknown}
 E - a scroll of amnesia {unknown}
Potions
 e - a potion of agility {unknown}
 f - 2 potions of flight
 i - 3 potions of mutation {unknown}
 l - a potion of heal wounds {unknown}
 r - a potion of degeneration {unknown}
 u - a potion of ambrosia {unknown}
Comestibles
 c - 11 rations


   Skills:
 * Level 2.4 Fighting
 + Level 1.1 Short Blades
 * Level 3.2 Polearms
 + Level 0.8 Slings
 * Level 2.5 Armour
 + Level 2.2 Dodging
 - Level 3.0 Stealth
 * Level 4.1 Spellcasting
 * Level 3.1 Conjurations
 * Level 6.4 Poison Magic


You had 5 spell levels left.
You knew the following spells:

 Your Spells              Type           Power        Failure   Level  Hunger
a - Sting                 Conj/Pois      ###.         2%          1    None
b - Poisonous Vapours     Pois/Air       ##....       6%          2    ##.....
c - Mephitic Cloud        Conj/Pois/Air  ##......     13%         3    ###....
d - Olgreb's Toxic Radia  Pois           ####....     11%         4    ####...

Your spell library contained the following spells:

 Spells                   Type           Power        Failure   Level  Hunger
 Magic Dart               Conj           ##..         4%          1    None
 Searing Ray              Conj           ##....       6%          2    ##.....
 Dazzling Spray           Conj/Hex       #.....       24%         3    ###....
 Iskenderun's Mystic Bla  Conj           ##......     38%         4    ####...
 Venom Bolt               Conj/Pois      ###.......   52%         5    ######.
 Force Lance              Conj/Tloc      #.......     63%         4    ####...
 Fulminant Prism          Conj/Hex       #.........   63%         4    ####...


Dungeon Overview and Level Annotations

Branches:
Dungeon (5/15)             Temple (0/1) D:5

Altars:
Hepliaklqana
Ru
Uskayaw


Innate Abilities, Weirdness & Mutations

You cannot wear boots.
Your serpentine skin is tough. (AC +2)
You have supernaturally acute eyesight. (SInv)
Armour fits poorly on your strangely shaped body.
Your system is resistant to poisons. (rPois)
You cover ground very slowly.
You have a slow metabolism.
You can spit poison.


Message History

Casting: Poisonous Vapours (safe; 6% risk of failure)
Confirm with . or Enter, or press ? or * to list all spells.
Aiming: Mephitic Cloud (safe; 13% risk of failure)
Press: ? - help, Shift-Dir - straight line, f/p - ogre
Aim: an ogre, wielding a +0 giant club (moderately wounded, poisoned)
The ball explodes into a vile cloud!
The stinking cloud engulfs the ogre but does no damage.
The ogre is moderately wounded.
The stinking cloud engulfs you but does no damage.
You hear a shout!
You hear an angry hiss.
You hear a shout!
The ogre is engulfed in noxious fumes.
The ogre hits you with a +0 giant club!!
* * * LOW HITPOINT WARNING * * *
The ogre is engulfed in noxious fumes.
Okay, then.
It was a potion of flight.
You feel very buoyant.
You fly up into the air.
The ogre hits you with a +0 giant club!!
You die...

...# #.# ...## # #.#
#... ....# #. #.# #...
....# ###. #.# #..
....#######....#.#.#..
.........##....#.#.#.#
.........##.....°○.#.#
.........# #O###.###
.........# #@......#
.........###########)#.#
.....................#.#
......P...##########.#.#
####......# #....#.#
##..>..# #.##.#.#
#P..P.# #.##.#.# #.....#
#.##.#.# ####### #.##.#


You could see an ogre.

Vanquished Creatures
  Pikel (D:4)
  2 ogres (D:4)
  A crimson imp (D:5)
  A hound (D:4)
  2 orc priests (D:4)
  2 worker ants (D:4)
  A hound skeleton (D:5)
  8 adders
  A shadow imp (D:5)
  An adder zombie (D:5)
  2 worms
  2 dart slugs
  6 leopard geckos
  14 orcs
  A giant cockroach (D:1)
  8 goblins
  2 hobgoblins
  3 jackals (D:1)
  2 quokkas
  3 ball pythons
  4 bats
  12 frilled lizards
  11 kobolds
  A rat (D:1)
91 creatures vanquished.

Notes
Turn   | Place    | Note
-------+----------+-------------------------------------------
     0 | D:1      | Bronimir the Naga Venom Mage began the quest for the Orb.
     0 | D:1      | Reached XP level 1. HP: 15/15 MP: 3/3
   368 | D:1      | Reached XP level 2. HP: 22/22 MP: 5/5
   881 | D:1      | Reached XP level 3. HP: 19/30 MP: 0/6
  1033 | D:1      | Learned a level 2 spell: Poisonous Vapours
  1037 | D:1      | Learned a level 3 spell: Mephitic Cloud
  1474 | D:2      | Found a hide-covered altar of Uskayaw.
  1622 | D:2      | Reached skill level 1 in Armour
  1711 | D:2      | Reached XP level 4. HP: 32/37 MP: 7/7
  2581 | D:3      | Reached skill level 1 in Fighting
  2621 | D:3      | Found a sacrificial altar of Ru.
  3115 | D:3      | Reached XP level 5. HP: 43/44 MP: 4/8
  3445 | D:4      | Reached skill level 5 in Poison Magic
  3532 | D:4      | Noticed an ogre
  3545 | D:4      | Killed an ogre
  3545 | D:4      | Reached XP level 6. HP: 33/51 MP: 0/10
  3555 | D:4      | Reached skill level 1 in Short Blades
  3843 | D:4      | Reached skill level 1 in Polearms
  4013 | D:4      | Learned a level 4 spell: Olgreb's Toxic Radiance
  4324 | D:4      | Noticed a slave
  4327 | D:4      | Noticed Pikel
  4328 | D:4      | Noticed a slave
  4328 | D:4      | Noticed a slave
  4328 | D:4      | Noticed a slave
  4345 | D:4      | Killed Pikel
  4345 | D:4      | Reached skill level 6 in Poison Magic
  4345 | D:4      | Reached XP level 7. HP: 18/60 MP: 6/12
  4560 | D:4      | Found a hazy altar of Hepliaklqana.
  4796 | D:4      | Reached XP level 8. HP: 68/68 MP: 3/14
  4910 | D:5      | Entered Level 5 of the Dungeon
  5321 | D:5      | Found a staircase to the Ecumenical Temple.
  5387 | D:5      | Mangled by an ogre

Levels and vault maps discovered:
D:1:      wheals_arrival_linesprint, layout_basic
D:2:      layout_loops_cross, old_standard_altar
D:3:      layout_loops_ring, lemuel_doored_altar, first_ration,
          minmay_lizard_king
D:4:      layout_basic, lemuel_round_altar, fountainhead, uniq_pikel
D:5:      layout_basic, minmay_temple_entry_overgrown

Skill      XL: |  1  2  3  4  5  6  7  8 |
---------------+-------------------------+-----
Armour         | 1 2 |  2.5
Conjurations   | 2 3 |  3.1
Fighting       | 1 2 |  2.4
Poison Magic   | 5 6 |  6.4
Short Blades   | 1 |  1.1
Polearms       | 2 3 |  3.2
Spellcasting   | 3 4 |  4.1
Dodging        | 2 |  2.2
Slings         | |  0.8
Stealth        | |  3.0

Action                   |  1- 3 |  4- 6 |  7- 9 || total
-------------------------+-------+-------+-------++-------
Melee: Whip              |     2 |       |       ||     2
       Unarmed           |     1 |       |       ||     1
       Dagger            |    18 |    87 |       ||   105
       Trident           |       |    39 |    63 ||   102
 Fire: Hunting sling     |    13 |     8 |    11 ||    32
 Cast: Sting             |    25 |    20 |     5 ||    50
       Poisonous Vapours |     1 |    31 |     4 ||    36
       Mephitic Cloud    |     1 |     6 |     3 ||    10
 Abil: Spit Poison       |    15 |    15 |     5 ||    35
  Use: Potion            |       |     2 |     1 ||     3
 Stab: Distracted        |       |     1 |       ||     1
       Sleeping          |       |     1 |       ||     1
       Confused          |       |     2 |       ||     2
  Eat: Chunk             |     3 |    10 |       ||    13
       Ration            |       |       |     1 ||     1
Armor: Robe              |     9 |    21 |    37 ||    67
Dodge: Dodged            |    40 |    76 |    37 ||   153
